 Dungeon Crawl Stone Soup version 0.30.0-5-g1a98f26d00 (webtiles) character file.

Game seed: 16935537674323020759

1125 GeoRichter the Cleaver (level 8, -1/51 HPs)
             Began as a Tengu Berserker on May 9, 2023.
             Was a Priest of Trog.
             Killed by divine providence
             ... invoked by an orc priest
              (10 damage)
             ... on level 5 of the Dungeon.
             The game lasted 00:05:47 (4769 turns).

GeoRichter the Cleaver (Tengu Berserker)            Turns: 4769, Time: 00:05:48

Health: -1/51      AC:  5    Str: 17    XL:     8   Next: 35%
Magic:  9/9        EV: 13    Int:  9    God:    Trog [***...]
Gold:   233        SH:  0    Dex: 15    Spells: 7/7 levels left

rFire   . . .        s - +0 war axe
rCold   . . .        (no shield)
rNeg    . . .        A - +0 ring mail
rPois   +            (helmet restricted)
rElec   .            (no cloak)
rCorr   .            (no gloves)
SInv    .            (boots unavailable)
Will    .....        (no amulet) Stlth
                     b - ring of poison resistance
HPRegen 0.28/turn    (no ring)
MPRegen 0.11/turn

%: no passive effects
@: confused, ambrosia-drunk, flying quickly and evasively, quick
A: beak, talons 3, nimble flight
a: Renounce Religion, Berserk, Trog's Hand


You were on level 5 of the Dungeon.
You worshipped Trog.
Trog was most pleased with you.
You visited 1 branch of the dungeon, and saw 5 of its levels.

You collected 233 gold pieces.

Inventory:

Hand Weapons
 s - a +0 war axe (weapon)
Missiles
 y - 2 throwing nets (quivered)
 z - 2 poisoned darts
Armour
 A - a +0 ring mail (worn)
Jewellery
 b - a ring of poison resistance (left hand)
Wands
 r - a wand of roots (12)
Scrolls
 c - 3 scrolls of fog {unknown}
 e - 7 scrolls of identify {unknown}
 g - 2 scrolls of teleportation {unknown}
 k - a scroll of amnesia {unknown}
 m - a scroll of blinking {unknown}
 n - a scroll of noise {unknown}
 o - a scroll of brand weapon {unknown}
 p - a scroll of magic mapping {unknown}
 u - a scroll of fear {unknown}
 x - a scroll of immolation {unknown}
Potions
 a - 2 potions of haste {unknown}
 d - a potion of resistance {unknown}
 f - 2 potions of ambrosia
 h - 2 potions of flight
 i - a potion of lignification {unknown}
 j - a potion of mutation {unknown}
 l - a potion of curing {unknown}
 q - a potion of might {unknown}
 t - 2 potions of degeneration {unknown}
 v - a potion of heal wounds {unknown}
 w - a potion of magic {unknown}


   Skills:
 + Level 6.3 Fighting
 * Level 9.2 Axes
 - Level 2.1 Armour
 - Level 2.1 Dodging


You had 7 spell levels left.
You didn't know any spells.
Your spell library was empty.

Dungeon Overview and Level Annotations

Branches:
Dungeon (5/15)
 Temple: D:4-7

Altars:
Trog
Yredelemnul


Innate Abilities, Weirdness & Mutations

You have a beak for a mouth.
You have claws for feet.
Your magical nature lets you fly swiftly and evasively.


Message History

You barely miss the orc warrior.
You peck the orc warrior, but do no damage.
The orc warrior is lightly wounded.
You are engulfed in a cloud of scalding steam.
The orc warrior misses you.
It was a potion of flight.
You feel more buoyant. The orc warrior closely misses you.
The orc priest barely misses you.
It was a potion of ambrosia.
You are more confused.
You feel invigorated.
The orc warrior hits you with a +0 flail!
The orc priest hits you with a +0 dagger.
You hit the orc wizard. Your kick misses the orc wizard.
You peck the orc wizard.
The orc wizard is heavily wounded.
You miss the orc priest. You miss the orc warrior.
The orc warrior barely misses you.
The orc wizard gestures at you while chanting.
The puff of flame misses you.
The orc priest hits you with a +0 dagger.
You bump into the rock wall.
The orc warrior closely misses you.
The orc wizard hits you with a +0 dagger.
The orc priest barely misses you.
Unknown command.
You closely miss the orc priest. Your kick misses the orc priest.
You hit the orc wizard. You hit the orc warrior.
The orc warrior hits you with a +0 flail!
The orc wizard barely misses you.
The orc priest mumbles some strange prayers to Beogh against you.
Beogh smites you!
* * * LOW HITPOINT WARNING * * *
You hit the orc wizard.
The orc wizard is almost dead.
You barely miss the orc priest. You hit the orc warrior.
The orc warrior closely misses you.
The orc wizard hits you but does no damage.
The orc priest mumbles some strange prayers to Beogh against you.
Beogh smites you!
You die...

#.. #.. ... ..# #.. #.#
#..####.# # .###....##.##
.# ......oo....###.###
#.oo@..........#.
##..#.≈≈≈.≈≈≈≈≈..... ##
.......≈.......≈..... .#
#..###.#.≈.≈§≈≈§.≈......g
.# #.
#...≈.≈...≈.≈.......
.#####
..###...≈.§._.≈§≈.......
.....#
#......≈.§...≈.≈.#.....
.....##
##....≈..§§≈≈§≈.......
......##
#....≈.......≈.....#.


You could see an orc warrior, an orc priest, an orc wizard and an orc.

Vanquished Creatures
  Sigmund (D:3)
  2 black bears (D:4)
  An orc warrior (D:5)
  A phantom (D:4)
  A scorpion (D:5)
  2 hounds (D:4)
  2 orc priests
  A gnoll bouda (D:5)
  4 orc wizards
  2 iguanas
  12 adders
  7 gnolls
  2 worms
  2 dart slugs (D:1)
  7 orcs
  4 bats
  4 endoplasms
  4 giant cockroaches
  A hobgoblin (D:1)
  5 jackals
  8 kobolds
  3 quokkas
  2 ball pythons (D:2)
  2 frilled lizards (D:2)
  7 goblins
  3 rats
90 creatures vanquished.

Notes
Turn   | Place    | Note
-------+----------+-------------------------------------------
     0 | D:1      | GeoRichter the Tengu Berserker began the quest for the Orb.
     0 | D:1      | Reached XP level 1. HP: 14/14 MP: 2/2
   250 | D:1      | You fall into a shaft and drop 1 floor!
   286 | D:2      | Reached XP level 2. HP: 19/19 MP: 3/3
   306 | D:1      | Reached skill level 4 in Axes
   479 | D:1      | Reached XP level 3. HP: 16/23 MP: 4/4
  1121 | D:2      | Found a faded altar of an unknown god.
  1283 | D:2      | Reached ** piety under Trog
  1284 | D:2      | Reached XP level 4. HP: 28/28 MP: 5/5
  1683 | D:2      | Reached skill level 5 in Axes
  2218 | D:3      | Gained mutation: Your magical nature lets you fly swiftly
                  | and evasively. [Tengu growth]
  2218 | D:3      | Reached XP level 5. HP: 33/33 MP: 6/6
  2240 | D:3      | Noticed Sigmund
  2257 | D:3      | Killed Sigmund
  2258 | D:3      | Reached skill level 6 in Axes
  2258 | D:3      | Reached XP level 6. HP: 39/39 MP: 7/7
  3143 | D:4      | Noticed a black bear
  3163 | D:4      | Killed a black bear
  3164 | D:4      | Reached skill level 5 in Fighting
  3164 | D:4      | Reached skill level 7 in Axes
  3164 | D:4      | Reached XP level 7. HP: 44/44 MP: 8/8
  3502 | D:4      | Reached skill level 8 in Axes
  3960 | D:5      | Entered Level 5 of the Dungeon
  4059 | D:5      | Reached XP level 8. HP: 35/51 MP: 9/9
  4204 | D:5      | Found a bloodstained altar of Trog.
  4333 | D:5      | Reached skill level 9 in Axes
  4513 | D:5      | Found a basalt altar of Yredelemnul.
  4678 | D:5      | Reached *** piety under Trog
  4769 | D:5      | Killed from afar by an orc priest

Illustrated notes

Levels and vault maps discovered:
D:1:      dpeg_arrival_water_fire, layout_basic, grunt_decor_fettered
D:2:      layout_loops_corners, dreamdust_ecumenical_altar_grove, nrook_campfire
D:3:      layout_loops_ring, uniq_sigmund
D:4:      layout_basic, guppyfry_early_lair_pool
D:5:      layout_loops_cross, mainiacjoe_overflow_concentric_impassable,
          mainiacjoe_overflow_24_doors

Skill      XL: |  1  2  3  4  5  6  7  8 |
---------------+-------------------------+-----
Axes           | 4 5 6 7 8 9 |  9.2
Fighting       | 4 5 6 |  6.3
Armour         | |  2.1
Dodging        | |  2.1

Action                     |  1- 3 |  4- 6 |  7- 9 || total
---------------------------+-------+-------+-------++-------
  Melee: Hand axe          |    58 |    59 |       ||   117
         Kick              |    12 |    24 |    29 ||    65
         Peck              |    12 |    16 |    20 ||    48
         War axe           |       |    51 |    99 ||   150
         Punch             |       |     1 |     4 ||     5
 Invoke: Berserk           |       |     2 |     2 ||     4
         Trog's Hand       |       |     1 |       ||     1
  Evoke: Wand              |       |     2 |       ||     2
    Use: Potion            |       |       |     2 ||     2
   Stab: Sleeping          |     3 |     1 |       ||     4
 Armour: Animal skin       |     7 |     4 |       ||    11
         Leather armour    |       |    14 |    14 ||    28
         Ring mail         |       |       |     5 ||     5
  Dodge: Dodged            |    36 |    69 |    80 ||   185
